 Dungeon Crawl Stone Soup version 0.28-a0-1524-ge72afd5fc6 (webtiles) character file.

Game seed: 8667510555235515635

534 fragbeetle the Insei (level 7, 56/56 HPs)
             Began as a Yellow Draconian Transmuter on Jan 18, 2022.
             Quit the game on level 3 of the Dungeon.
             The game lasted 00:07:10 (4216 turns).

fragbeetle the Insei (Yellow Draconian Transmuter)  Turns: 4216, Time: 00:07:10

Health: 56/56      AC:  7    Str: 13    XL:     7   Next: 4%
Magic:  10/10      EV: 12    Int: 13    God:
Gold:   66         SH:  0    Dex: 13    Spells: 2/10 levels left

rFire   . . .      SeeInvis .     - Unarmed
rCold   . . .      Faith    .   (no shield)
rNeg    . . .      Spirit   .   (armour unavailable)
rPois   .          Reflect  .   (helmet restricted)
rElec   .          Harm     .   h - +0 cloak
rCorr   +          Rampage  .   (no gloves)
Will    .....                   (no boots)
Stlth   +.........              (no amulet)
HPRegen 0.18/turn               (no ring)
MPRegen 0.12/turn               (no ring)

@: no status effects
A: spit acid, AC +6, unfitting armour, cold-blooded, acid resistance
a: Breathe Acid


You were on level 3 of the Dungeon.
You visited 1 branch of the dungeon, and saw 3 of its levels.

You collected 86 gold pieces.
You spent 20 gold pieces at shops.

Inventory:

Missiles
 f - 6 poisoned darts
Armour
 e - a scarf of resistance
 h - a +0 cloak (worn)
Scrolls
 c - a scroll of brand weapon {unknown}
 i - a scroll of fog
 j - 2 scrolls of identify {unknown}
 l - a scroll of immolation {unknown}
Potions
 a - 2 potions of haste {unknown}
 b - 2 potions of flight {unknown}
 d - 3 potions of curing {unknown}
 g - a potion of mutation {unknown}
 k - a potion of attraction {unknown}


   Skills:
 + Level 2.7 Fighting
 + Level 2.9 Dodging
 * Level 4.7 Unarmed Combat
 - Level 2.0 Spellcasting
 * Level 4.1 Transmutations
 + Level 1.6 Ice Magic
 * Level 2.9 Poison Magic


You had 2 spell levels left.
You knew the following spells:

 Your Spells              Type           Power      Damage    Failure   Level
a - Beastly Appendage     Tmut           24%        N/A       4%          1
b - Spider Form           Tmut/Pois      10%        N/A       19%         3
c - Ice Form              Ice/Tmut       8%         N/A       61%         4

Your spell library contained the following spells:

 Spells                   Type           Power      Damage    Failure   Level
 Wereblood                Tmut           12%        N/A       7%          2
 Slow                     Hex            4%         N/A       26%         1
 Confusing Touch          Hex            1%         N/A       58%         3
 Vampiric Draining        Necr           1%         2d6       58%         3


Dungeon Overview and Level Annotations

Branches:
Dungeon (3/15)

Altars:

Shops:
D:1 [   D:2 *


Innate Abilities, Weirdness & Mutations

You can spit globs of acid.
Your golden yellow scales are hard. (AC +6)
You cannot fit into any form of body armour.
You are cold-blooded and may be slowed by cold attacks.
You are resistant to acid. (rCorr)


Message History

The steam dragon barely misses you. The steam dragon closely misses you.
You barely miss the steam dragon.
The steam dragon is moderately wounded.
The steam dragon bites you! The steam dragon closely misses you.
You hit the steam dragon but do no damage.
The steam dragon looks as sick as possible!
The steam dragon is heavily wounded.
Your transformation is almost over.
The steam dragon completely misses you. The steam dragon claws you.
You barely miss the steam dragon.
The steam dragon is heavily wounded.
The steam dragon misses you. x2
You hit the steam dragon but do no damage.
The steam dragon looks as sick as possible!
The steam dragon is severely wounded.
The steam dragon breathes steam at you. The ball of steam misses you.
The steam dragon completely misses you. The steam dragon barely misses you.
You hit the steam dragon but do no damage.
The steam dragon looks as sick as possible!
The steam dragon is almost dead.
The steam dragon misses you. x2
You hit the steam dragon.
You kill the steam dragon!
Your Transmutations skill increases to level 4!
You have reached level 7!
Your scales start taking on a golden yellow colour.
You can spit globs of acid.
You feel resistant to acid.
Unknown command.
You start resting.
Your transformation has ended.
Your +0 cloak unmelds from your body.
You start resting.
Magic restored.
You start resting.
HP restored.
Okay, then.
Autopickup is now off.
Are you sure you want to abandon this character and quit the game? (Confirm with "yes".)

.......#####...# #..#.....
8###8### #####
########.#.>.## ## ###
###)(...##.#...#
#.#[#.##########
..#.#........# #
#######.#.#####.##.# #
#.......#.# #.##.## #
#.......#.#####..#..# #
####.....@†..##.....##.###
###
..........#####.........##
..# ##......# #.........##
..# #######<###
####.....).## ..###
#.......# #...........#
....#
##.################....#.#
.##.# #.#....>....#
####.#..
.##.#####.#.........#
#.##.
.##....†............#
#.##.


There were no monsters in sight!

Vanquished Creatures
  A steam dragon (D:3)
  A sky beast (D:3)
  An ice beast (D:3)
  An orc priest (D:3)
  2 orc wizards (D:3)
  4 gnolls
  3 adders (D:2)
  An adder skeleton (D:3)
  3 worms (D:2)
  3 dart slugs
  3 orcs (D:3)
  9 ball pythons
  3 endoplasms
  4 giant cockroaches
  2 hobgoblins
  4 jackals (D:2)
  9 kobolds
  7 quokkas
  5 bats
  7 frilled lizards
  8 goblins
  4 rats
85 creatures vanquished.

Notes
Turn   | Place    | Note
-------+----------+-------------------------------------------
     0 | D:1      | fragbeetle the Draconian Transmuter began the quest for the
                  | Orb.
     0 | D:1      | Reached XP level 1. HP: 16/16 MP: 3/3
   328 | D:1      | Reached XP level 2. HP: 20/23 MP: 3/5
   851 | D:1      | Found Lost's Antique Armour Boutique.
  1025 | D:1      | Reached XP level 3. HP: 25/28 MP: 4/6
  1029 | D:1      | Learned a level 3 spell: Spider Form
  1807 | D:2      | Reached XP level 4. HP: 35/36 MP: 5/7
  1934 | D:2      | Reached skill level 1 in Poison Magic
  1949 | D:2      | Found a faded altar of an unknown god.
  2015 | D:2      | Found Woecad's General Store.
  2023 | D:2      | Bought a scroll of fog for 20 gold pieces
  2586 | D:3      | Noticed an ice beast
  2790 | D:3      | Noticed a steam dragon
  2811 | D:3      | Reached XP level 5. HP: 15/41 MP: 5/8
  3011 | D:3      | Learned a level 4 spell: Ice Form
  3493 | D:3      | Noticed a sky beast
  3508 | D:3      | Killed a sky beast
  3509 | D:3      | Reached skill level 1 in Ice Magic
  3509 | D:3      | Reached XP level 6. HP: 50/50 MP: 5/9
  3690 | D:3      | Killed an ice beast
  4046 | D:3      | Killed a steam dragon
  4047 | D:3      | Your scales start taking on a golden yellow colour.
  4047 | D:3      | Reached XP level 7. HP: 25/56 MP: 7/10
  4047 | D:3      | Gained mutation: You are resistant to acid. (rCorr) [Yellow
                  | Draconian growth]
  4216 | D:3      | Quit the game

Illustrated notes

Levels and vault maps discovered:
D:1:      mushboom_english_gardens, layout_basic, serial_shops, shop
D:2:      cheibrodos_helix_gallery, layout_loops_ring,
          ebering_ecumenical_altar_rust, serial_shops, shop,
          hangedman_decor_push, grunt_ministairs_15, minmay_heptomino_h4
D:3:      layout_basic, corexii_hall_statues_t, nicolae_elevator_lobby_asterisk

Skill      XL: |  1  2  3  4  5  6 |
---------------+-------------------+-----
Dodging        | 2 |  2.9
Transmutations | 3 4 |  4.1
Poison Magic   | 1 2 |  2.9
Fighting       | 2 |  2.7
Unarmed Combat | 4 |  4.7
Ice Magic      | 1 |  1.6
Spellcasting   | |  2.0

Action                   |  1- 3 |  4- 6 |  7- 9 || total
-------------------------+-------+-------+-------++-------
Melee: Unarmed           |   110 |   127 |       ||   237
       Kick              |    19 |    17 |       ||    36
       Tailslap          |     9 |     8 |       ||    17
       Headbutt          |    17 |    14 |       ||    31
       Punch             |     2 |     1 |       ||     3
 Cast: Beastly Appendage |    25 |    22 |       ||    47
       Spider Form       |       |     7 |       ||     7
 Stab: Sleeping          |     1 |       |       ||     1
Armor: Skin              |    26 |    22 |       ||    48
Dodge: Dodged            |    66 |    89 |       ||   155

Table legend: (Time is in decaauts)
 A = Elapsed time spent in this place.
 B = Non-inter-level travel time spent in this place.
 C = Inter-level travel time spent in this place.
 D = Time resting spent in this place.
 E = Time spent auto-exploring this place.
 F = Levels seen in this place.
 G = Mean time per level.
                   A        B        C        D        E       F      G
               +--------+--------+--------+--------+--------+-----+--------+
         Total |   4201 |   4180 |     21 |    791 |   2628 |   3 | 1400.3 |
       Dungeon |   4201 |   4180 |     21 |    791 |   2628 |   3 | 1400.3 |
               +--------+--------+--------+--------+--------+-----+--------+

Top non-repeatable levels by time:
     D:3: 1522 daAuts
     D:1: 1388 daAuts
     D:2: 1291 daAuts
